Map: Lost and Found LE

Players

Marzbar - Winner!

  • Race: Zerg Zerg
  • League: Diamond
  • Spawn Location: 7:00

Rikyu

  • Race: Zerg Zerg
  • League: Diamond
  • Spawn Location: 1:00

VOD

Have the link to the VOD?

Description

Time

  • Played on: June 13, 2018, 3:38 p.m.
  • Length: 6:01
Show
View Real Time Build Order
Export as new Build Order

Marzbar Zerg - Winner!

Build Orders: Hatch First 

Get SALT Encoding   

  12  0:01  Drone  
  13  0:12  Overlord  
  13  0:16  Drone  
  14  0:32  Drone x2  
  16  0:46  Drone  
  17  0:52  Hatchery  
  17  0:55  Drone  
  17  0:59  Drone  
  17  1:02  Extractor  
  17  1:16  Spawning Pool  
  16  1:19  Drone  
  16  1:24  Drone  
  18  1:28  Drone  
  19  1:38  Overlord  
  19  2:04  Queen x2  
  19  2:05  Zergling x4  
  25  2:08  Metabolic Boost  
  25  2:12  Drone  
  25  2:14  Drone  
  27  2:23  Drone  
  27  2:24  Drone  
  29  2:33  Drone  
  29  2:35  Drone  
  31  2:48  Hatchery  
  30  2:51  Drone  
  30  2:55  Overlord  
  30  2:58  Drone  
  32  3:00  Drone  
  33  3:07  Drone x2  
  33  3:10  Overlord  
  35  3:14  Zergling x2  
  36  3:22  Zergling x2  
  36  3:23  Zergling x2  
  38  3:30  Zergling x4  
  40  3:37  Queen  
  40  3:39  Zergling x4  
  40  3:40  Drone x2  
  45  3:51  Drone x2  
  45  3:54  Overlord  
  47  4:05  Drone  
  47  4:06  Drone x2  
  47  4:09  Queen  
  53  4:10  Drone x5  
  57  4:22  Drone x2  
  57  4:23  Baneling Nest, Overlord, Drone  
  60  4:24  Drone  
  56  4:42  Overlord, Drone x3  
  56  4:43  Zergling x6  
  56  4:44  Drone  
  56  4:45  Drone x3  
  66  4:58  Overlord, Drone x2  
  68  5:04  Drone  
  68  5:05  Roach Warren  
  68  5:07  Zergling x4  
  68  5:08  Baneling x3  
  68  5:09  Evolution Chamber, Baneling x2  
  69  5:20  Drone x3  
  69  5:21  Overlord x2, Drone x2  
  74  5:22  Overlord  
  74  5:23  Drone x2  
  76  5:41  Drone  
  76  5:42  Overlord, Drone x4  
  81  5:44  Evolution Chamber  
  81  5:45  Extractor  
  81  5:46  Extractor  
  81  5:48  Extractor  
  77  5:50  Extractor  
Show
View Real Time Build Order
Export as new Build Order

Rikyu Zerg 

Build Orders: Hatch First 

Get SALT Encoding   

  12  0:01  Drone  
  13  0:13  Overlord  
  13  0:16  Drone  
  14  0:32  Drone x2  
  16  0:36  Drone  
  17  0:54  Hatchery  
  16  0:58  Drone  
  16  0:59  Drone  
  18  1:12  Extractor  
  18  1:15  Spawning Pool  
  18  1:16  Drone  
  17  1:20  Drone  
  18  1:28  Drone  
  19  1:39  Overlord  
  19  1:50  Drone  
  20  2:01  Drone  
  20  2:04  Queen  
  20  2:06  Queen  
  20  2:07  Zergling x2  
  26  2:13  Metabolic Boost  
  26  2:19  Zergling x2  
  26  2:20  Zergling x2  
  28  2:36  Hatchery  
  27  2:42  Drone x4  
  31  2:51  Queen  
  33  2:59  Overlord  
  33  3:08  Baneling Nest  
  32  3:13  Drone x4  
  35  3:21  Zergling x2  
  35  3:22  Zergling x4  
  37  3:49  Hatchery  
  37  3:50  Roach Warren  
  35  3:57  Lair  
  35  3:58  Drone x2  
  35  3:59  Drone x4  
  41  4:06  Zergling x2  
  41  4:07  Zergling x4  
  41  4:13  Zergling x2  
  42  4:17  Zergling x2  
  42  4:28  Baneling x2  
  41  4:44  Drone x2  
  41  4:45  Overlord x3  
  43  4:46  Overlord x2  
  43  4:50  Hatchery  
  42  4:58  Drone  
  42  4:59  Extractor, Drone  
  43  5:08  Drone x2  
  43  5:09  Drone x4  
Tags
 
Add a new tag
Caveats
  • Supply blocks, unpowered buildings, or Contaminate may cause inaccurate times.
  • Supply counts are checked every 10 seconds.